 Dungeon Crawl Stone Soup version 0.23-a0-375-g66a18ee (webtiles) character file.

1260 jenny the Ducker (level 8, -7/54 HPs)
             Began as an Octopode Wanderer on Oct 26, 2018.
             Mangled by a gnoll sergeant
             ... wielding a +4 trident of distortion
              (11 damage)
             ... on level 5 of the Dungeon.
             The game lasted 00:08:33 (5601 turns).

jenny the Ducker (Octopode Wanderer)                Turns: 5601, Time: 00:08:33

Health: -7/54      AC:  1    Str: 10    XL:     8   Next: 52%
Magic:  10/10      EV: 18    Int: 14    God:
Gold:   104        SH:  0    Dex: 15    Spells: 7/7 levels left

rFire    . . .     SeeInvis .   j - +2 dagger (venom)
rCold    . . .     Gourm    .   (no shield)
rNeg     . . .     Faith    +   f - +0 hat
rPois    .         Spirit   .   q - amulet of faith (curse)
rElec    .         Reflect  .   (no ring)
rCorr    .         Harm     .   (no ring)
MR       .....                  (no ring)
Stlth    +++.......             (no ring)
HPRegen  0.18/turn              (no ring)
MPRegen  0.12/turn              (no ring)
                                (no ring)
                                (no ring)

@: no status effects
A: almost no armour, stealthy swim, amphibious, 8 rings, constrict 8, camouflage
1, gelatinous body 1
a: no special abilities


You were on level 5 of the Dungeon.
You were not hungry.

You visited 1 branch of the dungeon, and saw 5 of its levels.

You collected 274 gold pieces.
You spent 170 gold pieces at shops.

Inventory:

Hand Weapons
 a - a +2 falchion
 b - a +0 short sword
 j - a +2 dagger of venom (weapon)
Missiles
 e - 41 arrows
 k - 17 poisoned needles
Armour
 f - a +0 hat (worn)
Jewellery
 n - an uncursed ring of ice
 q - a cursed amulet of faith (around mantle)
 B - an uncursed amulet of rage {unknown}
Wands
 p - a wand of digging (13)
 y - a wand of disintegration (9)
Scrolls
 c - a scroll of enchant weapon {unknown}
 g - a scroll of magic mapping {unknown}
 h - 3 scrolls of noise {unknown}
 m - 6 scrolls of teleportation
 o - 3 scrolls of fog {unknown}
 r - 2 scrolls of amnesia {unknown}
 t - a scroll of enchant armour {unknown}
 u - 2 scrolls of remove curse {unknown}
 x - 2 scrolls of identify {@r1}
Potions
 i - 2 potions of haste
 l - 2 potions of brilliance
 s - a potion of berserk rage {unknown}
 v - a potion of agility {unknown}
 w - a potion of degeneration {unknown}
 z - a potion of ambrosia {unknown}
 A - 2 potions of curing {unknown}
Comestibles
 d - 6 rations
 C - 10 chunks of flesh


   Skills:
 + Level 4.9 Fighting
 + Level 5.5 Long Blades
   Level 1.0 Bows
 * Level 7.4 Dodging
 - Level 1.3 Stealth
 + Level 3.2 Evocations


You had 7 spell levels left.
You didn't know any spells.
Your spell library was empty.

Dungeon Overview and Level Annotations

Branches:
Dungeon (5/15)
 Temple: D:4-7

Altars:
Gozag
Sif Muna
Xom
Zin

Shops:
D:4 }


Innate Abilities, Weirdness & Mutations

You cannot wear most types of armour.
You are very stealthy in the water. (Stealth+)
You are amphibious.
You can wear up to eight rings at the same time.
You can use your tentacles to constrict eight enemies at once.
Your skin changes colour to match your surroundings (Stealth+).
Your rubbery body absorbs attacks. (AC +1, EV +1)


Message History

You barely miss the gnoll. You constrict the gnoll.
The gnoll escapes!
You hit the gnoll.
The gnoll is poisoned.
Your grab misses the gnoll. You barely miss the gnoll.
Your grab misses the gnoll. You squeeze the gnoll!
You kill the gnoll!
The gnoll sergeant hits you from afar with a +4 trident of distortion!
Space warps horribly around you! The gnoll completely misses you.
You hit the gnoll.
The gnoll is poisoned.
You grab the gnoll. You constrict the gnoll.
The gnoll sergeant hits you from afar with a +4 trident of distortion!
Space bends around you.
The gnoll struggles to escape constriction.
You release your grip on the gnoll.
The gnoll hits you with a +0 whip!
* * * LOW HITPOINT WARNING * * *
The gnoll closely misses you.
The gnoll sergeant hits you from afar with a +4 trident of distortion.
* * * LOW HITPOINT WARNING * * *
Space warps horribly around you!
You die...

..)......# ........#
##+###.......#
#....#.......#
#..%.#.......#
#....#)).....# #...
#....#[......#
#....#...ggg......#
#....#....#@......+
#...######.......#
##...##.....#######
#.....#.....#
#.....#.....+
#.....'.....#
######....#.....#
##...####'##........
#..........+........


You could see a gnoll sergeant and 2 gnolls.

Vanquished Creatures
  Sigmund (D:2)
  2 ogres (D:4)
  Blork the orc (D:5)
  3 scorpions
  A howler monkey (D:4)
  A hound (D:5)
  3 jellies
  Crazy Yiuf (D:2)
  A bullfrog zombie (D:5)
  9 orc wizards
  An orc priest (D:4)
  Jessica (D:3)
  2 adders (D:2)
  8 gnolls
  3 dart slugs
  13 orcs
  3 giant cockroaches
  4 goblins
  6 hobgoblins
  2 iguanas (D:4)
  2 jackals (D:1)
  A quokka (D:4)
  A ball python (D:5)
  5 bats
  7 frilled lizards
  2 kobolds
  10 rats
  A fungus (D:2)
95 creatures vanquished.

Notes
Turn   | Place    | Note
-------+----------+-------------------------------------------
     0 | D:1      | jenny the Octopode Wanderer began the quest for the Orb.
     0 | D:1      | jenny set off with the following items: a +2 falchion, a +0
                  | short sword, a potion of lignification, a ration
     0 | D:1      | Reached XP level 1. HP: 17/17 MP: 1/1
    84 | D:1      | Reached XP level 2. HP: 19/22 MP: 2/2
   192 | D:1      | Reached skill level 2 in Dodging
   386 | D:1      | Reached XP level 3. HP: 24/27 MP: 3/3
   896 | D:2      | Noticed Sigmund
  1021 | D:2      | Reached skill level 3 in Dodging
  1176 | D:2      | Reached XP level 4. HP: 33/33 MP: 4/4
  1346 | D:2      | Found a runed door.
  1350 | D:2      | Noticed Crazy Yiuf
  1360 | D:2      | Killed Crazy Yiuf
  2014 | D:3      | Found a glowing silver altar of Zin.
  2014 | D:3      | Found an opulent altar of Gozag.
  2057 | D:3      | Reached skill level 4 in Dodging
  2057 | D:3      | Reached XP level 5. HP: 29/37 MP: 5/5
  2065 | D:3      | Noticed Jessica
  2070 | D:3      | Killed Jessica
  2295 | D:4      | Noticed an ogre
  2324 | D:4      | Found a shimmering altar of Xom.
  2610 | D:4      | Reached XP level 6. HP: 15/43 MP: 6/6
  2857 | D:4      | Found a deep blue altar of Sif Muna.
  3004 | D:4      | Found Ideugic's Gadget Emporium.
  3017 | D:4      | Reached skill level 5 in Dodging
  3065 | D:4      | Reached XP level 7. HP: 26/48 MP: 7/7
  3253 | D:4      | Reached skill level 6 in Dodging
  3582 | D:4      | Bought a wand of disintegration (13) for 170 gold pieces
  4208 | D:2      | Killed Sigmund
  4208 | D:2      | Reached skill level 5 in Long Blades
  4208 | D:2      | Reached XP level 8. HP: 54/54 MP: 9/9
  4270 | D:5      | Entered Level 5 of the Dungeon
  4270 | D:5      | Found a shimmering altar of Xom.
  4295 | D:5      | Reached skill level 7 in Dodging
  4853 | D:5      | Noticed Blork the orc
  4864 | D:5      | Killed Blork the orc
  5601 | D:5      | Mangled by a gnoll sergeant

Vault maps used:
D:1:      nzn_arrival_crosshair, minmay_misc_feat_secret_circle,
          minmay_heptomino_d4
D:2:      hangedman_decor_lopped, uniq_sigmund, uniq_crazy_yiuf_cottage
D:3:      grunt_temple_overflow_gold_and_silver, uniq_jessica
D:4:      tgw_sif, serial_shops, nicolae_shop_temple_entry_statues_fountains,
          first_ration, dk_xom_monty_hall
D:5:      basic_altar, chequers_serial_rivers_micro_d, uniq_blork_the_orc

Skill      XL: |  1  2  3  4  5  6  7  8 |
---------------+-------------------------+-----
Dodging        | 2 3 4 5 6 7 |  7.4
Long Blades    | 3 4 5 |  5.5
Evocations     | 2 3 |  3.2
Fighting       | |  4.9
Bows           | |  1.0
Stealth        | |  1.3

Action                   |  1- 3 |  4- 6 |  7- 9 || total
-------------------------+-------+-------+-------++-------
Melee: Falchion          |    59 |    81 |    91 ||   231
       Constrict         |    16 |    19 |    24 ||    59
       Tentacles         |     7 |    17 |    28 ||    52
       Short sword       |       |     1 |       ||     1
       Dagger            |       |       |     5 ||     5
Evoke: Wand              |       |       |     4 ||     4
  Use: Scroll            |       |     6 |       ||     6
       Potion            |       |     2 |       ||     2
 Stab: Sleeping          |     9 |     4 |     2 ||    15
  Eat: Chunk             |     1 |     4 |     6 ||    11
       Ration            |       |       |     1 ||     1
Armor: Skin              |     5 |    20 |     1 ||    26
Dodge: Dodged            |    42 |    33 |    76 ||   151
       Rpst.: Falchion   |    14 |    11 |    22 ||    47

Table legend:
 A = Non-vault XP
 B = Vault XP
 C = Vault XP percentage of total XP
 D = Non-vault monster count
 E = Vault monster count
 F = Vault count percentage of total count
                 A         B        C        D         E       F
            +---------+---------+-------+---------+---------+-------
      Total |    1267 |     533 |  29.6 |      84 |      10 |  10.6
            +---------+---------+-------+---------+---------+-------
        D:1 |      37 |       3 |   7.5 |      21 |       2 |   8.7
        D:2 |      44 |     268 |  85.9 |      13 |       2 |  13.3
        D:3 |      71 |      37 |  34.3 |       5 |       1 |  16.7
        D:4 |     765 |     129 |  14.4 |      29 |       4 |  12.1
        D:5 |     350 |      96 |  21.5 |      16 |       1 |   5.9
            +---------+---------+-------+---------+---------+-------
